 Dungeon Crawl Stone Soup version 0.21.1-1-g345015fe64 (webtiles) character file.

456591 DildoBatman the Bewitcher (level 25, -3/188 HPs)
             Began as a Formicid Enchanter on Mar 8, 2018.
             Was the Champion of Cheibriados.
             Succumbed to a green very ugly thing's poison
             ... on level 4 of the Depths on Mar 10, 2018.
             The game lasted 09:30:20 (79468 turns).

DildoBatman the Bewitcher (Formicid Enchanter)     Turns: 79468, Time: 09:30:21

Health: -3/188     AC: 26    Str: 44    XL:     25   Next: 61%
Magic:  46/48      EV: 18    Int: 36    God:    Cheibriados [******]
Gold:   3269       SH: 28    Dex: 24    Spells: 2/49 levels left

rFire    . . .     SeeInvis +   a - +5 battleaxe of Temperance {elec, +Fly Str+4}
rCold    + + +     Gourm    .   F - +2 large shield {rC+}
rNeg     + . .     Faith    .   p - +2 chain mail of the Past {MR+ Str+5 Int+3 Dex-2}
rPois    .         Spirit   .   (helmet unavailable)
rElec    +         Reflect  .   U - +2 cloak
rCorr    .         Harm     .   m - +0 pair of gloves
MR       +++..                  L - +0 pair of boots
Stlth    ++........             w - amulet "Vontozan" {rC+ rN+ Regen+}
HPRegen  1.81/turn              u - +5 ring of protection
MPRegen  0.31/turn              R - ring of the Harvest {-Tele rElec rC+ MP+9 Slay+5}

@: lethally poisoned (-3 -> -41), silence, regenerating (expiring), very slow
A: permanent stasis, dig shafts and tunnels, four strong arms, antennae 3, beak,
rugged brown scales 1, weak 1, sturdy frame 1
}: 2/15 runes: barnacled, gossamer
a: Dig, Shaft Self, Renounce Religion, Evoke Flight


You were on level 4 of the Depths.
You worshipped Cheibriados.
Cheibriados was exalted by your worship.
You were hungry.

You visited 10 branches of the dungeon, and saw 46 of its levels.
You also visited: Ossuary and Ice Cave.

You collected 5943 gold pieces.
You spent 2674 gold pieces at shops.

Inventory:

Hand Weapons
 a - the +5 battleaxe of Temperance (weapon) {elec, +Fly Str+4}
   (You took it off a merfolk aquamancer on level 4 of the Shoals)

   Occasionally, upon striking a foe, it will discharge some electrical energy
   and cause terrible harm.
   It affects your strength (+4).
   It lets you fly.
 b - the +9 scimitar "Nesisitu" {freeze, Str+6 Dex-5}
   (You bought it in a shop on level 2 of the Orcish Mines)

   It has been specially enchanted to freeze those struck by it, causing extra
   injury to most foes and up to half again as much damage against particularly
   susceptible opponents.
   It can also slow down cold-blooded creatures.
   It affects your strength (+6).
   It affects your dexterity (-5).
 d - the +4 morningstar of Yhedoef {flame, rElec rF+ rN+}
   (You bought it in a shop on level 1 of the Shoals)

   It has been specially enchanted to burn those struck by it, causing extra
   injury to most foes and up to half again as much damage against particularly
   susceptible opponents.
   It protects you from fire.
   It insulates you from electricity.
   It protects you from negative energy.
 e - a +4 glaive of flaming
 f - a +5 shortbow of flaming
 i - the +9 mace of Gozag's Favour {crush, *Noise rF+++ Dex-3 Stlth+}
   (You bought it in a shop on level 1 of the Shoals)

   It inflicts extra damage upon your enemies.
   It affects your dexterity (-3).
   It renders you almost immune to fire.
   It may make noises in combat.
   It makes you more stealthy.
 A - a +4 battleaxe of freezing
Missiles
 g - 37 stones (quivered)
 j - 10 poisoned needles
 q - 1425 arrows
 N - 1412 bolts
Armour
 m - a +0 pair of gloves (worn)
 o - a +0 troll leather armour
 p - the +2 chain mail of the Past (worn) {MR+ Str+5 Int+3 Dex-2}
   (You found it on level 3 of the Spider Nest)

   It affects your strength (+5).
   It affects your intelligence (+3).
   It affects your dexterity (-2).
   It affects your resistance to hostile enchantments.
 t - a scarf of repulsion
 F - a +2 large shield of cold resistance (worn)
 L - a +0 pair of boots (worn)
 U - a +2 cloak (worn)
Magical Staves
 n - an uncursed staff of cold
Jewellery
 u - a +5 ring of protection (left hand)
 w - the amulet "Vontozan" (around neck) {rC+ rN+ Regen+}
   (You took it off a vampire mage on level 3 of the Crypt)

   [amulet of regeneration]

   It protects you from cold.
   It protects you from negative energy.
   It increases your rate of regeneration.
 D - the ring "Waumaan" {rN+ MR++ MP+9 Dex+3 SInv}
   (You took it off a vampire on level 3 of the Crypt)

   [ring of positive energy]

   It affects your dexterity (+3).
   It protects you from negative energy.
   It affects your resistance to hostile enchantments.
   It affects your magic capacity (+9).
   It lets you see invisible.
 G - the ring "Jegaras" {+Fly Str-2 Dex+8 Stlth+}
   (You took it off a tengu warrior on level 2 of the Depths)

   [ring of stealth]

   It affects your strength (-2).
   It affects your dexterity (+8).
   It lets you fly.
   It makes you more stealthy.
 R - the ring of the Harvest (right hand) {-Tele rElec rC+ MP+9 Slay+5}
   (You found it on level 2 of the Depths)

   [ring of magical power]

   It affects your accuracy and damage with ranged weapons and melee attacks
   (+5).
   It protects you from cold.
   It insulates you from electricity.
   It affects your magic capacity (+9).
   It prevents most forms of teleportation.
Wands
 h - a wand of digging (14)
 E - a wand of clouds (8)
Scrolls
 s - a scroll of enchant armour
 x - 10 scrolls of remove curse
 y - a scroll of immolation
 z - 16 scrolls of identify
 P - 10 scrolls of magic mapping
Potions
 c - a potion of invisibility
 H - 14 potions of heal wounds
 M - 6 potions of curing
Books
 k - the Compendium of Ice and Shape Shifting
   (You found it on level 2 of the Depths)

   Spells                             Type                      Level
   a - Ice Form                       Ice/Transmutation            4
   b - Summon Ice Beast               Ice/Summoning                4
   c - Metabolic Englaciation         Hexes/Ice                    5
   d - Alistair's Intoxication        Transmutation/Poison         5
 r - a book of Flames

   Spells                             Type                      Level
   a - Flame Tongue                   Conjuration/Fire             1
   b - Throw Flame                    Conjuration/Fire             2
   c - Conjure Flame                  Conjuration/Fire             3
   d - Inner Flame                    Hexes/Fire                   3
   e - Sticky Flame                   Conjuration/Fire             4
   f - Fireball                       Conjuration/Fire             5
Miscellaneous
 l - a phial of floods
 B - a lightning rod (4/4)
 C - a fan of gales
 I - a lamp of fire
 V - 2 sacks of spiders
Comestibles
 v - 89 rations


   Skills:
 * Level 11.7 Fighting
   Level 1.0(3.2) Short Blades
 - Level 5.0 Long Blades
 - Level 1.7(3.0) Maces & Flails
 - Level 5.0(5.5) Polearms
 - Level 3.6(5.1) Staves
 * Level 2.0 Bows
   Level 3.0 Crossbows
 * Level 10.8 Armour
 * Level 8.8 Dodging
 * Level 13.8 Stealth
 - Level 16.0 Shields
 * Level 12.5 Spellcasting
 - Level 6.0 Conjurations
 - Level 20.0 Hexes
 - Level 12.0 Charms
 - Level 6.0 Summonings
 * Level 12.5 Necromancy
 - Level 2.0 Translocations
 * Level 12.6 Transmutations
 - Level 7.0 Air Magic
 * Level 5.4 Earth Magic
 * Level 13.8 Poison Magic
 * Level 9.5 Invocations
 * Level 7.4 Evocations


You had 2 spell levels left.
You knew the following spells:

 Your Spells              Type           Power        Failure   Level  Hunger
a - Slow                  Hex            ########     0%          2    None
b - Confuse               Hex            ########     0%          3    None
c - Spectral Weapon       Hex/Chrm       #######.     0%          3    None
d - Regeneration          Chrm/Necr      #######...   1%          3    None
e - Mephitic Cloud        Conj/Pois/Air  ######..     1%          3    None
f - Necromutation         Tmut/Necr      #######...   78%         8    ######.
g - Summon Mana Viper     Hex/Summ       #######.     1%          5    None
h - Portal Projectile     Hex/Tloc       ######       1%          3    None
i - Invisibility          Hex            ########     1%          6    ###....
j - Silence               Hex/Air        #######...   1%          5    None
k - Statue Form           Tmut/Erth      ######...    13%         6    ###....


Dungeon Overview and Level Annotations

Branches:
Dungeon (15/15)            Temple (1/1) D:4            Lair (6/6) D:11
 Shoals (4/4) Lair:3       Spider (4/4) Lair:4        Slime (0/5) Lair:5
    Orc (2/2) D:10            Elf (3/3) Orc:2        Vaults (4/5) D:13
  Crypt (3/3) Vaults:2       Tomb (0/3) Crypt:3      Depths (4/5) D:15

Altars:
Ashenzari
Cheibriados
Dithmenos
Elyvilon
Fedhas
Gozag
Hepliaklqana
Kikubaaqudgha
Makhleb
Nemelex Xobeh
Okawaru
Qazlal
Ru
Sif Muna
Trog
Uskayaw
Vehumet
Wu Jian
Xom
Yredelemnul
Zin
The Shining One
Beogh
Lugonu

Shops:
D:10 !   Orc:1 (   Orc:2 [(}%   Shoals:1 (   Vaults:1 [

Portals:
Hell: Depths:1 Depths:2 Depths:3
Abyss: Depths:1 Depths:2
Ziggurat: Depths:3

Annotations:
Vaults:3 exclusion: shining eye
Depths:4 Boris


Innate Abilities, Weirdness & Mutations

You cannot be hasted, slowed, berserked, paralysed or teleported.
You can dig through walls and to a lower floor.
Your four strong arms can wield two-handed weapons with a shield.
You have a pair of large antennae on your head. (SInv)
You have a beak for a mouth.
You are partially covered in rugged brown scales. (AC +1, +3% HP)
You are weak. (Str -2)
Your movements are slightly less encumbered by armour. (ER -2)


Message History

You block Boris's attack. Boris touches you but does no damage.
The green very ugly thing misses you. Boris hits you but does no damage.
Boris touches you but does no damage. You block the rakshasa's attack.
You closely miss Boris. You peck Boris, but do no damage.
Boris is moderately damaged.
You slice the cyan very ugly thing!! You slash the frost giant!
Lightning courses through the frost giant!
You kill the frost giant!
Cheibriados appreciates the change of pace.
You slash the rakshasa! Lightning courses through the rakshasa!
The injured rakshasa weaves a defensive illusion!
You slash the green very ugly thing!
Lightning courses through the green very ugly thing!
You die...

,**≈≈*,***,***,*,,,,,,,,,,,≈≈≈≈≈≈
,*≈≈≈≈,,**,**#.**,.....,,,,,≈≈≈≈≈
.≈§.......,,*#.#**..(.,,,,,,,,≈≈≈
....≈≈...##.##.# *...,,,,,,,,,,,,
§§.§≈≈.#.##.##.###..*****,,,*****
≈§§"≈≈.#..#........### **,,,,,,,
≈≈........#.....R....# **,******
#≈§§≈§§#..#..##.Ru...# *,,*
##≈.≈.##..>...'R@LG..# *,**
#....).§.....##).u...#***,***
..≈≈≈.≈#.#.......uu.....,,,,**
).≈≈≈§≈≈.#>.....###.....,**,,**
#≈≈≈§.≈≈.≈≈§≈#..# *....#***,,,*
......≈#.≈≈≈≈#.##**,...# *8,8*
.......§≈≈≈§§###,,,,,..# *≈,≈*
..#...#≈≈§≈≈§# *,,{{,..# *≈,≈*
#.#...#≈≈≈≈§≈# *,,{,**** *≈,≈*


You could see Boris, 3 very ugly things, a cyan ugly thing, 3 rakshasas and a
floating eye.

Vanquished Creatures
  Saint Roka (Orc:2)
  A profane servitor (Crypt:3)
  2 liches (Crypt:3)
  Jorgrun (Crypt:2)
  A titan (Depths:2)
  A shard shrike skeleton (Crypt:3)
  2 deep elf master archers (Elf:3)
  2 deep elf blademasters (Elf:3)
  A quicksilver dragon (Depths:2)
  10 ancient champions
  Agnes (Spider:3)
  2 sphinxes
  Donald (Vaults:2)
  A shadow dragon (Vaults:3)
  Ilsuiw (Shoals:4)
  3 revenants
  Kirke (Spider:2)
  Roxanne (Spider:2)
  2 iron dragons (Depths:2)
  4 ghost moths
  3 deep elf sorcerers (Elf:3)
  An orc warlord (Vaults:4)
  5 vault wardens
  11 frost giants
  Aizul (Vaults:2)
  10 ghouls
  6 fire giants
  A curse skull (Crypt:3)
  5 emperor scorpions
  A deep elf elementalist (Elf:3)
  5 ironheart preservers
  A reaper (Crypt:2)
  7 stone giants
  2 very ugly things
  6 deep elf demonologists (Elf:3)
  Azrael (Spider:2)
  6 vampire knights
  8 entropy weavers
  6 dire elephants
  10 deep elf annihilators
  14 spark wasps
  8 ettins
  The ghost of dengdeng the Basher, a journeyman MiBe of Trog (Orc:2)
  6 fire dragons
  10 deep elf death magi
  5 merfolk javelineers (Shoals:4)
  9 merfolk impalers
  An eidolon (Crypt:3)
  15 jiangshi
  4 deep elf high priests
  Josephine (D:12)
  14 great orbs of eyes
  13 yaktaur captains
  6 hydras
  7 rakshasas
  4 ice dragons
  17 ogre magi
  An alligator snapping turtle (Shoals:4)
  A catoblepas (Lair:2)
  A spriggan air mage (Depths:1)
  53 two-headed ogres
  A merfolk avatar (Shoals:3)
  3 ghost crabs (Lair:3)
  3 satyrs
  8 centaur warriors
  4 merfolk aquamancers
  4 death knights
  27 dancing weapons
  An anaconda (Lair:6)
  7 deep troll shamans
  9 vampire magi
  A deep troll earth mage (Depths:3)
  Urug (Lair:4)
  3 spriggan berserkers
  4 tengu warriors
  5 orc high priests
  10 hell knights (Depths:2)
  15 deep elf knights
  Nergalle (D:10)
  5 fire crabs (Lair:3)
  3 soul eaters
  8 iron trolls
  16 skeletal warriors
  A salamander mystic (Depths:4)
  12 deep trolls
  A shadow wraith (Vaults:1)
  5 wizards
  A golden dragon zombie (Crypt:3)
  12 sea snakes
  9 flayed ghosts
  2 glowing orange brains
  An infernal demonspawn (Depths:3)
  An unseen horror (D:14)
  11 deep elf archers
  4 phantasmal warriors
  38 deep elf magi
  7 necromancers
  A tengu zombie (Depths:1)
  A golden dragon skeleton (Depths:1)
  14 ironbrand convokers
  A stone giant zombie (Crypt:2)
  4 cyclopes
  13 orb spiders
  11 orc knights
  A frost giant zombie (Depths:1)
  4 orc sorcerers
  18 harpies
  17 manticores
  6 fauns
  8 elephants
  A salamander (shapeshifter) (Vaults:1)
  A moth of wrath (Spider:4)
  12 ugly things
  32 wolf spiders
  3 salamanders (Depths:4)
  3 oklob plants
  A fire giant skeleton (Vaults:4)
  A dire elephant zombie (Crypt:2)
  2 centaur zombies (D:12)
  2 naga magi (D:15)
  10 merfolk sirens
  A stone giant skeleton (Depths:1)
  4 black mambas
  An ice statue (IceCv)
  An apocalypse crab (Lair:3)
  A torpor snail (shapeshifter) (Depths:2)
  7 spiny frogs
  11 vault sentinels
  2 centaur skeletons
  2 gargoyles
  5 water nymphs
  A purple draconian zombie (Crypt:2)
  5 spectral swamp worms (Depths:1)
  A torpor snail (Lair:5)
  4 rime drakes
  6 komodo dragons
  9 demonic crawlers
  A dire elephant skeleton (Crypt:3)
  10 freezing wraiths
  A yaktaur skeleton (Depths:1)
  A jumping spider (shapeshifter) (Depths:4)
  37 yaktaurs
  A purple draconian skeleton (Crypt:1)
  18 polar bears
  A queen bee (Lair:1)
  34 jumping spiders
  2 meliai (shapeshifter)
  A tengu conjurer (D:13)
  32 merfolk
  3 wind drakes
  A queen bee (shapeshifter) (Vaults:4)
  8 trolls
  12 hornets
  2 spectral guardian serpents (Crypt:3)
  A wind drake (shapeshifter) (Depths:2)
  2 bog bodies (Crypt:3)
  A raiju (shapeshifter) (Vaults:1)
  35 blink frogs
  5 dream sheep (Lair:2)
  13 hippogriffs
  A wolf spider simulacrum (D:15)
  A meliai zombie (D:13)
  20 slime creatures
  12 snapping turtles
  An ettin skeleton (Crypt:2)
  97 redbacks
  An air elemental (Elf:1)
  21 water elementals
  3 vampires (Crypt:3)
  2 spriggans (Depths:1)
  51 yaks
  31 tarantellas
  6 wyverns
  13 wraiths
  3 shadows (Crypt:1)
  3 hogs (Spider:2)
  A wind drake zombie (Crypt:1)
  2 fire elementals
  2 hungry ghosts
  2 yaks (shapeshifter)
  2 humans (D:7)
  2 basilisks (Lair:3)
  A steam dragon (D:10)
  11 wargs
  2 acid dragons
  A hydra simulacrum (Crypt:3)
  2 soldier ants (D:13)
  3 hell hounds (Spider:2)
  A floating eye (Depths:2)
  6 porcupines
  11 water moccasins
  3 black bears
  56 orc warriors
  A blink frog zombie (Crypt:3)
  6 ice beasts
  3 phantoms
  2 hornet zombies
  8 sky beasts
  2 eyes of draining (D:10)
  8 necrophages
  An ettin simulacrum (Depths:1)
  9 wolves
  20 centaurs
  40 ogres
  5 crocodiles
  The ghost of localevil the Insei, an amateur OpTm (D:3)
  2 blink frog skeletons
  A human zombie (Vaults:4)
  2 big kobolds
  Blork the orc (D:6)
  A fire crab zombie (Crypt:1)
  22 bullfrogs
  4 earth elementals
  A gnoll sergeant (D:10)
  A warg zombie (Crypt:1)
  4 scorpions
  A queen bee zombie (Crypt:1)
  2 wyvern skeletons
  28 killer bees
  13 electric eels
  23 wights
  6 crimson imps
  A wolf skeleton (Crypt:2)
  2 human simulacra
  8 hounds
  6 jellies
  4 bullfrog zombies
  Crazy Yiuf (D:7)
  33 orc priests
  2 black bear skeletons (Crypt:3)
  2 bullfrog skeletons
  A basilisk skeleton (Crypt:2)
  3 iguanas
  A demonspawn skeleton (Crypt:1)
  A worker ant (shapeshifter) (Vaults:3)
  Ijyb (D:4)
  38 orc wizards
  10 worker ants
  An ogre skeleton (Crypt:1)
  An acid dragon skeleton (Crypt:2)
  2 hound zombies
  2 mummies (Ossuary)
  3 worker ant zombies
  A steam dragon zombie (Crypt:3)
  11 adders
  7 gnolls
  4 shadow imps
  3 adder zombies
  12 oozes
  2 worms
  5 dart slugs
  7 leopard geckos
  130 orcs
  3 bats
  A bat zombie (Crypt:2)
  6 giant cockroaches
  5 gnoll zombies (Ossuary)
  3 goblins
  8 hobgoblins
  6 jackals
  24 kobolds
  4 quokkas
  2 ball pythons
  9 frilled lizards
  3 gnoll skeletons (Ossuary)
  3 goblin skeletons (Ossuary)
  4 goblin zombies (Ossuary)
  A hobgoblin skeleton (Ossuary)
  2 hobgoblin zombies (Ossuary)
  2 kobold skeletons (Ossuary)
  4 kobold zombies (Ossuary)
  4 orc skeletons (Ossuary)
  2 orc zombies (Ossuary)
  A quokka zombie (D:7)
  11 rats
  4 rat skeletons (Ossuary)
  4 rat zombies (Ossuary)
  3 butterflies (Lair:2)
  A fungus (Elf:3)
  7 plants
  14 spectral weapons
2058 creatures vanquished.

Vanquished Creatures (collateral kills)
  A rakshasa (D:15)
  A wizard (D:15)
  An orc knight (Vaults:4)
  A tarantella (Spider:2)
4 creatures vanquished.

Vanquished Creatures (others)
  An entropy weaver (Lair:3)
  A merfolk impaler (Shoals:4)
  A harpy (Shoals:2)
  An orb spider (Spider:3)
  A jumping spider (Spider:3)
  Menkaure (Ossuary)
  2 bullfrogs
  A mummy (Ossuary)
  An orc (Vaults:4)
  2 hobgoblin skeletons (Ossuary)
  A hobgoblin zombie (Ossuary)
  A kobold skeleton (Ossuary)
  A kobold zombie (Ossuary)
  An orc skeleton (Ossuary)
  An orc zombie (Ossuary)
  4 rat skeletons (Ossuary)
  A rat zombie (Ossuary)
  5 bushes
  15 fungi
  38 plants
  92 spectral weapons
  7 toadstools (D:4)
179 creatures vanquished.

Grand Total: 2241 creatures vanquished

Notes
Turn   | Place    | Note
-------+----------+-------------------------------------------
     0 | D:1      | DildoBatman the Formicid Enchanter began the quest for the Orb.
     0 | D:1      | Reached XP level 1. HP: 13/13 MP: 3/3
    70 | D:1      | Reached skill level 1 in Fighting
    83 | D:1      | Reached XP level 2. HP: 5/21 MP: 3/5
   928 | D:1      | Reached XP level 3. HP: 27/28 MP: 6/6
  1129 | D:1      | Learned a level 3 spell: Confuse
  1479 | D:2      | Reached XP level 4. HP: 35/35 MP: 7/7
  1501 | D:2      | Reached skill level 1 in Armour
  1856 | D:2      | Noticed a sky beast
  2055 | D:2      | Found a hazy altar of Hepliaklqana.
  2089 | D:2      | Found a sacrificial altar of Ru.
  2211 | D:3      | Noticed a necrophage
  2468 | D:3      | Found a hide-covered altar of Uskayaw.
  2560 | D:3      | Found a burning altar of Makhleb.
  2631 | D:3      | Noticed localevil's ghost (amateur OpTm)
  2691 | D:3      | Found an ancient bone altar of Kikubaaqudgha.
  2877 | D:3      | Noticed a hand axe
  2877 | D:3      | Noticed a dagger
  2907 | D:2      | Reached XP level 5. HP: 23/41 MP: 6/8
  3471 | D:4      | Found a blossoming altar of Fedhas.
  3586 | D:4      | Found a staircase to the Ecumenical Temple.
  3592 | Temple   | Entered the Ecumenical Temple
  3645 | Temple   | Became a worshipper of Ashenzari the Shackled
  3715 | D:4      | Got the uncursed robe of Divine Intervention {MP+9}
  3726 | D:4      | Identified the +2 robe of Divine Intervention {MP+9} (You found it on level 4 of the Dungeon)
  4004 | D:5      | Entered Level 5 of the Dungeon
  4004 | D:5      | Noticed an ice beast
  4059 | D:5      | Noticed Ijyb
  4121 | D:5      | Found a white marble altar of Elyvilon.
  4121 | D:5      | Found a deep blue altar of Sif Muna.
  4127 | D:5      | Fell from the grace of Ashenzari
  4127 | D:5      | Became a worshipper of Sif Muna the Loreminder
  4177 | D:4      | Killed Ijyb
  4177 | D:4      | Reached XP level 6. HP: 26/48 MP: 9/9
  4383 | D:5      | Noticed an ogre
  4391 | D:5      | Noticed a phantom
  4425 | D:5      | Killed a phantom
  4425 | D:5      | Reached skill level 4 in Hexes
  4480 | D:5      | Noticed an ice beast
  5093 | D:5      | Was forgiven by Ashenzari
  5093 | D:5      | Reached XP level 7. HP: 55/55 MP: 11/11
  5329 | D:5      | Reached skill level 5 in Stealth
  5413 | D:5      | Reached skill level 5 in Fighting
  5413 | D:5      | Reached skill level 5 in Hexes
  5598 | D:5      | Reached skill level 6 in Hexes
  5598 | D:5      | Reached XP level 8. HP: 64/64 MP: 12/12
  5721 | D:6      | Reached skill level 7 in Hexes
  5881 | D:6      | Reached * piety under Sif Muna
  5881 | D:6      | Reached skill level 8 in Hexes
  5992 | D:6      | Reached XP level 9. HP: 49/69 MP: 15/15
  6006 | D:6      | Reached skill level 9 in Hexes
  6182 | D:6      | Noticed Blork the orc
  6194 | D:6      | Killed Blork the orc
  6271 | D:6      | Found a stormy altar of Qazlal.
  6274 | D:6      | Found an iron altar of Okawaru.
  6458 | D:6      | Reached ** piety under Sif Muna
  6458 | D:6      | Reached skill level 5 in Spellcasting
  6922 | D:1      | Reached skill level 10 in Hexes
  7109 | D:3      | Killed localevil's ghost
  7320 | D:7      | Found an iron altar of Okawaru.
  7405 | D:7      | Reached skill level 1 in Maces & Flails
  7623 | D:7      | Found a sand-covered staircase.
  7634 | Ossuary  | Entered an ossuary
  7916 | Ossuary  | Reached *** piety under Sif Muna
  7925 | Ossuary  | Killed Menkaure
  8171 | D:7      | Reached XP level 10. HP: 70/77 MP: 18/18
  8176 | D:7      | Found an ornate altar of the Wu Jian Council.
  8875 | D:7      | Found a runed door.
  8879 | D:7      | Noticed Crazy Yiuf
  8886 | D:7      | Killed Crazy Yiuf
  9085 | D:8      | Reached skill level 5 in Armour
  9135 | D:8      | Reached skill level 11 in Hexes
  9611 | D:8      | Found a bloodstained altar of Trog.
 10075 | D:9      | Noticed a two-headed ogre
 10116 | D:9      | Killed a two-headed ogre
 10116 | D:9      | Reached **** piety under Sif Muna
 10116 | D:9      | Reached skill level 12 in Hexes
 10162 | D:9      | Reached XP level 11. HP: 84/84 MP: 20/20
 10385 | D:9      | Found a snail-covered altar of Cheibriados.
 10662 | D:9      | HP: 2/84 [orc wizard/dagger of electrocution (20)]
 10943 | D:10     | Entered Level 10 of the Dungeon
 11110 | D:10     | Noticed Nergalle
 11125 | D:10     | Noticed a two-headed ogre
 11181 | D:9      | Killed a two-headed ogre
 11218 | D:10     | Found Jiqak's Distillery.
 11298 | D:10     | Found a sparkling altar of Nemelex Xobeh.
 11844 | D:10     | Reached skill level 1 in Polearms
 11935 | D:10     | Noticed a two-headed ogre
 11940 | D:10     | Killed a two-headed ogre
 11940 | D:10     | Reached skill level 5 in Dodging
 11954 | D:10     | Found a staircase to the Orcish Mines.
 12213 | D:11     | Reached skill level 13 in Hexes
 12319 | D:11     | Reached ***** piety under Sif Muna
 12379 | D:11     | Received a gift from Sif Muna
 12388 | D:11     | Identified Sif Muna's Reference Book on Shifting Protection (Sif Muna gifted it to you on level 11 of the Dungeon)
 12439 | D:11     | Learned a level 3 spell: Spectral Weapon
 12496 | D:11     | Noticed a two-headed ogre
 12524 | D:11     | Killed a two-headed ogre
 12524 | D:11     | Reached skill level 1 in Charms
 12524 | D:11     | Reached XP level 12. HP: 53/92 MP: 16/22
 13009 | D:11     | Found a staircase to the Lair.
 13167 | D:11     | Found a roughly hewn altar of Beogh.
 13357 | D:11     | Reached skill level 14 in Hexes
 13835 | D:12     | Reached skill level 5 in Charms
 15015 | D:12     | Noticed Josephine
 15152 | Lair:1   | Entered Level 1 of the Lair of Beasts
 15487 | Lair:1   | Noticed an eight-headed hydra
 15883 | Lair:1   | Killed an eight-headed hydra
 15883 | Lair:1   | Reached XP level 13. HP: 89/99 MP: 9/23
 15994 | Lair:1   | Noticed a six-headed hydra
 16047 | Lair:1   | Killed a six-headed hydra
 16115 | Lair:1   | Received a gift from Sif Muna
 16128 | Lair:1   | Learned a level 6 spell: Invisibility
 16613 | Lair:2   | Reached skill level 5 in Polearms
 16637 | Lair:2   | Noticed a six-headed hydra
 16655 | Lair:2   | Killed a six-headed hydra
 16823 | Lair:2   | Got an ichor-stained helmet
 16824 | Lair:2   | Identified the +1 helmet of the Elephant {-Tele +Fly rC+ Str+3} (You found it on level 2 of the Lair of Beasts)
 16932 | Lair:2   | Noticed a catoblepas
 17108 | Lair:2   | Reached skill level 15 in Hexes
 17330 | Lair:2   | Killed a catoblepas
 18013 | Lair:3   | Identified Keim's Guide on Enchantment (Sif Muna gifted it to you on level 3 of the Lair of Beasts)
 18013 | Lair:3   | Received a gift from Sif Muna
 18059 | Lair:3   | Reached skill level 1 in Shields
 18228 | Lair:3   | Reached skill level 16 in Hexes
 18381 | Lair:3   | Reached XP level 14. HP: 97/108 MP: 22/24
 18560 | Lair:3   | Found a runed door.
 18603 | Lair:3   | Found a staircase to the Shoals.
 18776 | Lair:3   | Reached skill level 5 in Shields
 19322 | Lair:4   | Noticed Urug
 19328 | Lair:4   | Found a hole to the Spider Nest.
 19362 | Lair:4   | Killed Urug
 19740 | Lair:3   | Noticed an entropy weaver
 20432 | Lair:5   | Found a staircase to the Slime Pits.
 20917 | Lair:3   | Killed an entropy weaver
 21004 | Lair:3   | Noticed an entropy weaver
 21074 | Lair:3   | Killed an entropy weaver
 21201 | Lair:3   | Noticed an entropy weaver
 21236 | Lair:3   | Killed an entropy weaver
 21581 | Lair:5   | Found a runed door.
 22016 | Lair:5   | Reached skill level 10 in Fighting
 22142 | Lair:5   | Reached XP level 15. HP: 115/115 MP: 17/27
 22178 | Lair:6   | Entered Level 6 of the Lair of Beasts
 22655 | Lair:6   | Identified Ufiug's Reference Book on the Lucky Birds (Sif Muna gifted it to you on level 6 of the Lair of Beasts)
 22655 | Lair:6   | Received a gift from Sif Muna
 22726 | Lair:6   | Learned a level 5 spell: Silence
 23150 | D:10     | Killed Nergalle
 23453 | D:12     | Reached skill level 17 in Hexes
 23466 | D:12     | Killed Josephine
 23860 | D:13     | Found a gate to the Vaults.
 24180 | Orc:1    | Entered Level 1 of the Orcish Mines
 24180 | Orc:1    | Found Qocvaogoj's Antique Weapon Shop.
 24667 | D:10     | Reached skill level 1 in Air Magic
 25189 | Orc:1    | Bought a translucent morningstar for 306 gold pieces
 25192 | Orc:1    | Identified the +6 morningstar of the Reaper {speed, rPois rN+} (You bought it in a shop on level 1 of the Orcish Mines)
 25250 | Orc:1    | Identified Sif Muna's Guide on Good Luck and the Entourage (Sif Muna gifted it to you on level 1 of the Orcish Mines)
 25250 | Orc:1    | Received a gift from Sif Muna
 25450 | Orc:1    | Found a radiant altar of Vehumet.
 25627 | Orc:2    | Entered Level 2 of the Orcish Mines
 25712 | Orc:2    | Noticed dengdeng's ghost (journeyman MiBe)
 25730 | Orc:2    | Found a frozen archway.
 25757 | IceCv    | Entered an ice cave
 26661 | IceCv    | Noticed a frost giant
 26866 | IceCv    | Reached skill level 18 in Hexes
 27104 | IceCv    | Killed a frost giant
 27418 | Orc:2    | Found a staircase to the Elven Halls.
 27453 | Orc:2    | Found a roughly hewn altar of Beogh.
 27482 | Orc:2    | Found a roughly hewn altar of Beogh.
 27494 | Orc:2    | Found Nyzel's Gadget Shop.
 27546 | Orc:2    | Found a roughly hewn altar of Beogh.
 27854 | Orc:2    | Found a roughly hewn altar of Beogh.
 27876 | Orc:2    | Found Zeboti's Food Shoppe.
 28051 | Orc:2    | Found a roughly hewn altar of Beogh.
 28142 | Orc:2    | Found a roughly hewn altar of Beogh.
 28323 | Orc:2    | Killed dengdeng's ghost
 28419 | Orc:2    | Found a roughly hewn altar of Beogh.
 28499 | Orc:2    | Identified Sif Muna's Collected Works on Vitriolic Air (Sif Muna gifted it to you on level 2 of the Orcish Mines)
 28499 | Orc:2    | Received a gift from Sif Muna
 28559 | Orc:2    | Found a roughly hewn altar of Beogh.
 28777 | Orc:2    | Noticed Saint Roka
 28795 | Orc:2    | Reached XP level 16. HP: 122/122 MP: 26/29
 29049 | Orc:2    | Killed Saint Roka
 29221 | Orc:2    | Found a roughly hewn altar of Beogh.
 29221 | Orc:2    | Found Suis's Antique Weapon Emporium.
 29226 | Orc:2    | Found Ypaixkog's Antique Armour Shoppe.
 29245 | Orc:2    | Bought a jewelled spear for 264 gold pieces
 29245 | Orc:2    | Bought a pitted scimitar for 297 gold pieces
 29266 | Orc:2    | Identified the +3 spear of the Saviour {flame, *Contam rPois rN+} (You bought it in a shop on level 2 of the Orcish Mines)
 29267 | Orc:2    | Identified the +9 scimitar "Nesisitu" {freeze, Str+6 Dex-5} (You bought it in a shop on level 2 of the Orcish Mines)
 29806 | Spider:1 | Entered Level 1 of the Spider Nest
 29965 | Spider:1 | Reached skill level 10 in Shields
 30309 | Shoals:1 | Entered Level 1 of the Shoals
 31763 | D:15     | Entered Level 15 of the Dungeon
 33056 | D:11     | Gained mutation: Your mind is acute. (Int +2) [potion of mutation]
 33056 | D:11     | Gained mutation: Your body sometimes deteriorates upon taking damage. [potion of mutation]
 33056 | D:11     | Gained mutation: Your flesh is heat resistant. (rF+) [potion of mutation]
 33057 | D:11     | Lost mutation: Your flesh is heat resistant. (rF+) [potion of mutation]
 33057 | D:11     | Lost mutation: Your body sometimes deteriorates upon taking damage. [potion of mutation]
 33057 | D:11     | Lost mutation: Your mind is acute. (Int +2) [potion of mutation]
 33057 | D:11     | Gained mutation: You are weak. (Str -2) [potion of mutation]
 33057 | D:11     | Gained mutation: You have a beak for a mouth. [potion of mutation]
 34343 | Lair:4   | Reached XP level 17. HP: 123/128 MP: 5/30
 34581 | Spider:1 | Reached skill level 15 in Shields
 35220 | Spider:2 | Learned a level 3 spell: Regeneration
 35267 | Spider:2 | Reached skill level 1 in Necromancy
 35448 | Spider:2 | Identified Sif Muna's Collected Works on Aerial Curses (Sif Muna gifted it to you on level 2 of the Spider Nest)
 35448 | Spider:2 | Received a gift from Sif Muna
 35453 | Spider:2 | Learned a level 2 spell: Slow
 35474 | Spider:2 | Learned a level 2 spell: Swiftness
 36109 | Spider:2 | Noticed Roxanne
 36282 | Spider:2 | Killed Roxanne
 36627 | Spider:3 | Noticed Kirke
 36694 | Spider:2 | Reached skill level 1 in Evocations
 36716 | Spider:2 | Killed Kirke
 36751 | Spider:3 | Noticed Agnes
 37000 | Spider:3 | Got a distressingly furry chain mail
 37020 | Spider:3 | Identified the +2 chain mail of the Past {MR+ Str+5 Int+3 Dex-2} (You found it on level 3 of the Spider Nest)
 37051 | Spider:3 | Noticed Azrael
 37265 | Spider:2 | Killed Azrael
 37381 | Spider:4 | Entered Level 4 of the Spider Nest
 37484 | Spider:4 | Reached skill level 5 in Necromancy
 37734 | Spider:4 | Identified Exke's Tome of Supportive Weightlessness (Sif Muna gifted it to you on level 4 of the Spider Nest)
 37734 | Spider:4 | Received a gift from Sif Muna
 38160 | Spider:4 | Reached skill level 10 in Spellcasting
 38279 | Spider:4 | Reached XP level 18. HP: 91/134 MP: 3/32
 38283 | Spider:4 | Reached skill level 10 in Stealth
 38509 | Spider:4 | Reached skill level 5 in Air Magic
 40110 | Spider:4 | Identified Sif Muna's Grimoire of Bewitchment and Heat (Sif Muna gifted it to you on level 4 of the Spider Nest)
 40110 | Spider:4 | Received a gift from Sif Muna
 40116 | Spider:4 | Learned a level 3 spell: Mephitic Cloud
 40255 | Spider:4 | Got a gossamer rune of Zot
 40482 | D:11     | Learned a level 5 spell: Summon Mana Viper
 40665 | Lair:6   | Reached skill level 1 in Poison Magic
 40878 | Lair:6   | Reached skill level 1 in Conjurations
 41210 | Lair:6   | Reached skill level 5 in Evocations
 41473 | Lair:6   | Got an ancient amethyst amulet
 41534 | Lair:6   | Identified the amulet "Ekeaxiv" {Harm *Drain Fragile rPois MR- Int+5} (You found it on level 6 of the Lair of Beasts)
 42894 | D:15     | Found a staircase to the Depths.
 43309 | Elf:1    | Entered Level 1 of the Elven Halls
 43790 | Elf:1    | Identified Sif Muna's Catalogue of Frigorific Clay (Sif Muna gifted it to you on level 1 of the Elven Halls)
 43790 | Elf:1    | Received a gift from Sif Muna
 43799 | Elf:1    | Reached XP level 19. HP: 140/140 MP: 28/34
 44250 | Elf:1    | Reached skill level 5 in Poison Magic
 44455 | Elf:1    | Reached skill level 19 in Hexes
 44622 | Elf:2    | Lost mutation: You are weak. (Str -2) [potion of mutation]
 44622 | Elf:2    | Gained mutation: You are partially covered in rugged brown scales. (AC +1, +3% HP) [potion of mutation]
 44622 | Elf:2    | Gained mutation: You are weak. (Str -2) [potion of mutation]
 44622 | Elf:2    | Gained mutation: Your movements are slightly less encumbered by armour. (ER -2) [potion of mutation]
 44852 | Elf:2    | Found a deep blue altar of Sif Muna.
 45023 | Elf:2    | Received a gift from Sif Muna
 45108 | Elf:2    | Found a large runed door.
 45108 | Elf:2    | Found a large runed door.
 45131 | Elf:2    | Found a large runed door.
 45131 | Elf:2    | Found a large runed door.
 45490 | Elf:2    | Reached ****** piety under Sif Muna
 46268 | Elf:3    | Entered Level 3 of the Elven Halls
 47972 | Elf:3    | Reached skill level 5 in Conjurations
 48043 | Elf:3    | Identified Domuunn's Almanac of Weightlessness and Earth (Sif Muna gifted it to you on level 3 of the Elven Halls)
 48043 | Elf:3    | Received a gift from Sif Muna
 48049 | Elf:3    | Got a scorched war axe {antimagic}
 48054 | Elf:3    | Got a heavily jewelled robe
 48068 | Elf:3    | Identified the +6 war axe of Articulation {antimagic, rPois MR+} (You took it off a deep elf annihilator on level 3 of the Elven Halls)
 48080 | Elf:3    | Identified the cursed +0 robe of Fortitude {Str+2 Slay+5 SInv} (You took it off a deep elf annihilator on level 3 of the Elven Halls)
 48151 | Elf:3    | Reached XP level 20. HP: 151/151 MP: 19/36
 48642 | Elf:3    | Got a smoking great mace {freeze}
 49177 | Elf:3    | Got a pitted leather armour
 49286 | Elf:3    | Got a transparent broad axe {flame}
 49332 | Elf:3    | Received a gift from Sif Muna
 49332 | Elf:3    | Reached skill level 20 in Hexes
 49435 | Elf:3    | Reached skill level 10 in Poison Magic
 49733 | Elf:3    | Identified the +3 great mace "Oxkecab" {freeze, rN+ Int+2 Dex-2} (You took it off a deep elf demonologist on level 3 of the Elven Halls)
 49734 | Elf:3    | Identified the +5 broad axe of Gallantry {flame, *Noise Str-2 Dex+9} (You took it off a deep elf annihilator on level 3 of the Elven Halls)
 50269 | D:11     | Learned a level 6 spell: Statue Form
 50380 | D:11     | Identified the cursed +1 leather armour "Aneinuum" {+Fly rF+ Dex-2} (You took it off a deep elf sorcerer on level 3 of the Elven Halls)
 50539 | Vaults:1 | Entered Level 1 of the Vaults
 51417 | Vaults:1 | Found Rahiobot's Armour Shop.
 51430 | Vaults:1 | Bought a +1 pair of boots of running for 438 gold pieces
 51486 | Vaults:1 | Reached skill level 1 in Summonings
 52231 | Vaults:1 | Reached XP level 21. HP: 136/157 MP: 20/37
 53300 | Vaults:2 | Noticed Aizul
 53334 | Vaults:2 | Killed Aizul
 53469 | Vaults:2 | Identified Sif Muna's Catalogue of Freezing Enchantment (Sif Muna gifted it to you on level 2 of the Vaults)
 53469 | Vaults:2 | Received a gift from Sif Muna
 53639 | Vaults:2 | Got a pair of crude boots
 53696 | Vaults:2 | Identified the +2 pair of boots of Untruth {-Cast +Fly rF++ MP+9} (You found it on level 2 of the Vaults)
 54226 | Vaults:2 | Noticed Donald
 54303 | Vaults:2 | Killed Donald
 54478 | Vaults:2 | Found a staircase to the Crypt.
 54478 | Vaults:2 | Found a basalt altar of Yredelemnul.
 54478 | Vaults:2 | Found an ancient bone altar of Kikubaaqudgha.
 55522 | Vaults:3 | Reached skill level 10 in Armour
 56389 | Vaults:2 | Reached skill level 1 in Long Blades
 56389 | Vaults:2 | Reached skill level 1 in Transmutations
 56471 | Crypt:1  | Entered Level 1 of the Crypt
 56794 | Crypt:1  | Received a gift from Sif Muna
 59016 | Crypt:2  | Reached XP level 22. HP: 146/167 MP: 34/38
 59137 | Crypt:2  | Reached skill level 5 in Summonings
 59770 | Vaults:3 | Paralysed by fainting for 7 turns
 60054 | Vaults:3 | Reached skill level 5 in Transmutations
 60273 | Crypt:2  | Reached skill level 5 in Long Blades
 60330 | Crypt:2  | Reached skill level 1 in Earth Magic
 60870 | Crypt:2  | Noticed Jorgrun
 60906 | Crypt:2  | Killed Jorgrun
 61131 | Crypt:3  | Entered Level 3 of the Crypt
 61142 | Crypt:2  | Identified Besur's Volume of Stolen Souls (Sif Muna gifted it to you on level 2 of the Crypt)
 61142 | Crypt:2  | Received a gift from Sif Muna
 62879 | Vaults:4 | Reached skill level 10 in Necromancy
 64859 | Shoals:1 | Found Jut Uxag's Weapon Shop.
 64865 | Shoals:1 | Reached skill level 10 in Charms
 64927 | Shoals:1 | Identified Sif Muna's Guide on Hurtful Aid (Sif Muna gifted it to you on level 1 of the Shoals)
 64927 | Shoals:1 | Received a gift from Sif Muna
 65127 | D:9      | Fell from the grace of Sif Muna
 65127 | D:9      | Became a worshipper of Cheibriados the Contemplative
 65541 | D:11     | Learned a level 3 spell: Spider Form
 65892 | Shoals:2 | Reached * piety under Cheibriados
 66291 | Shoals:2 | Reached ** piety under Cheibriados
 66512 | Shoals:2 | Reached XP level 23. HP: 154/174 MP: 36/39
 66886 | Shoals:3 | Reached *** piety under Cheibriados
 66941 | Shoals:3 | Reached skill level 1 in Invocations
 67610 | Shoals:4 | Entered Level 4 of the Shoals
 67707 | Shoals:4 | Reached **** piety under Cheibriados
 67736 | Shoals:4 | Noticed Ilsuiw
 68142 | Shoals:4 | Got a barnacled rune of Zot
 68885 | Shoals:4 | Reached ***** piety under Cheibriados
 69026 | Shoals:4 | Got a translucent battleaxe {elec}
 69028 | Shoals:4 | Identified the +5 battleaxe of Temperance {elec, +Fly Str+4} (You took it off a merfolk aquamancer on level 4 of the Shoals)
 69100 | Shoals:4 | Killed Ilsuiw
 69721 | Shoals:1 | Bought the +4 morningstar of Yhedoef {flame, rElec rF+ rN+} for 524 gold pieces
 69825 | Spider:3 | Got a shimmering dagger
 69827 | Spider:3 | Identified the +7 dagger "Rag Tuab" {vamp, rElec MR+} (You found it on level 3 of the Spider Nest)
 70064 | Spider:3 | Killed Agnes
 70368 | D:11     | Learned a level 8 spell: Necromutation
 71079 | Crypt:3  | Got a slimy short sword
 71113 | Crypt:3  | Identified the +4 short sword of Watchfulness {freeze, rF+ Dex+2} (You found it on level 3 of the Crypt)
 71321 | Crypt:3  | Reached skill level 1 in Staves
 71363 | Crypt:3  | Reached skill level 5 in Invocations
 71805 | Crypt:3  | Reached skill level 10 in Transmutations
 72389 | Crypt:3  | Got a shimmering copper amulet
 72438 | Crypt:3  | Found a staircase to the Tomb.
 72670 | Crypt:3  | Reached ****** piety under Cheibriados
 73175 | Crypt:3  | Got a brightly glowing tin ring
 73263 | Crypt:3  | Reached XP level 24. HP: 180/180 MP: 30/39
 73610 | Crypt:3  | Found a basalt altar of Yredelemnul.
 73610 | Crypt:3  | Noticed a curse toe
 74026 | D:11     | Learned a level 3 spell: Portal Projectile
 74042 | D:11     | Identified the amulet "Vontozan" {rC+ rN+ Regen+} (You took it off a vampire mage on level 3 of the Crypt)
 74055 | D:11     | Identified the ring "Waumaan" {rN+ MR++ MP+9 Dex+3 SInv} (You took it off a vampire on level 3 of the Crypt)
 74311 | Depths:1 | Entered Level 1 of the Depths
 74445 | Depths:1 | Was forgiven by Sif Muna
 74453 | Depths:1 | Found a gateway to Hell.
 74459 | Depths:1 | Reached skill level 1 in Crossbows
 74511 | Depths:1 | Reached skill level 1 in Translocations
 75124 | Depths:1 | Found a one-way gate to the infinite horrors of the Abyss.
 75728 | Depths:2 | Got a dull robe
 75739 | Depths:2 | Identified the +2 robe "Wuodaf" {*Corrode +Inv MR+ Slay+2} (You found it on level 2 of the Depths)
 76201 | Depths:2 | Got a brightly glowing tin ring
 76402 | Depths:2 | Identified the ring "Jegaras" {+Fly Str-2 Dex+8 Stlth+} (You took it off a tengu warrior on level 2 of the Depths)
 76545 | Depths:2 | Got a clouded silver ring
 76547 | Depths:2 | Identified the ring of the Harvest {-Tele rElec rC+ MP+9 Slay+5} (You found it on level 2 of the Depths)
 77055 | D:11     | You fall through a shaft for 2 floors!
 77486 | Depths:2 | Identified the Compendium of Ice and Shape Shifting
 77518 | Depths:2 | Reached XP level 25. HP: 159/187 MP: 39/39
 77739 | Depths:2 | Paralysed by fainting for 6 turns
 77775 | Depths:2 | Reached skill level 1 in Bows
 77780 | Depths:2 | Paralysed by fainting for 10 turns
 77810 | Depths:3 | Paralysed by fainting for 12 turns
 77822 | Depths:3 | Paralysed by fainting for 5 turns
 77864 | Depths:3 | Found a gateway to a ziggurat.
 78262 | Depths:3 | Reached skill level 5 in Earth Magic
 78653 | Shoals:1 | Bought the +9 mace of Gozag's Favour {crush, *Noise rF+++ Dex-3 Stlth+} for 845 gold pieces
 79190 | Depths:4 | Found a corrupted altar of Lugonu.
 79458 | Depths:4 | Noticed Boris
 79466 | Depths:4 | HP: 9/188 [poisoned by a green very ugly thing]
 79467 | Depths:4 | HP: 3/188 [poisoned by a green very ugly thing]
 79468 | Depths:4 | Succumbed to a green very ugly thing's poison

Skill      XL: |  1  2  3  4  5  6  7  8  9 10 11 12 13 14 15 16 17 18 19 20 21 22 23 24 25 |
---------------+----------------------------------------------------------------------------+-----
Fighting       | 1 2 3 4 5 6 7 8 9 10 11 | 11.7
Dodging        | 2 4 5 6 7 8 |  8.8
Armour         | 2 3 4 6 7 8 9 10 | 10.8
Stealth        | 4 5 6 7 8 9 11 12 13 | 13.8
Hexes          | 4 6 8 10 12 13 14 16 18 19 20 | 20.0
Spellcasting   | 3 4 5 6 7 8 9 10 11 12 | 12.5
Maces & Flails | 1 |  1.7
Polearms       | 3 4 5 |  5.0
Charms         | 1 7 8 9 10 11 12 | 12.0
Shields        | 4 5 8 14 16 | 16.0
Air Magic      | 4 5 6 7 |  7.0
Necromancy     | 5 7 8 9 10 12 | 12.5
Evocations     | 3 5 6 7 |  7.4
Poison Magic   | 4 7 12 13 | 13.8
Conjurations   | 2 5 6 |  6.0
Summonings     | 1 4 6 |  6.0
Long Blades    | 3 5 |  5.0
Transmutations | 4 8 10 12 | 12.6
Earth Magic    | 2 4 5 |  5.4
Invocations    | 6 8 9 |  9.5
Staves         | 3 |  3.6
Crossbows      | 3 |  3.0
Translocations | 2 |  2.0
Bows           | 2 |  2.0
Short Blades   | |  1.0

Action                   |  1- 3 |  4- 6 |  7- 9 | 10-12 | 13-15 | 16-18 | 19-21 | 22-24 | 25-27 || total
-------------------------+-------+-------+-------+-------+-------+-------+-------+-------+-------++-------
Melee: Dagger            |    97 |   162 |   170 |   109 |    14 |    19 |       |       |       ||   571
       Mace              |       |    62 |   354 |   552 |       |       |       |       |       ||   968
       Spear             |       |       |       |   524 |  1059 |       |       |       |       ||  1583
       Morningstar       |       |       |       |       |   189 |   491 |    94 |    32 |       ||   806
       Scimitar          |       |       |       |       |       |   587 |  1117 |   967 |     1 ||  2672
       Peck              |       |       |       |       |       |   250 |   314 |   495 |    95 ||  1154
       Staff             |       |       |       |       |       |       |     4 |    12 |       ||    16
       Lajatang          |       |       |       |       |       |       |       |   221 |       ||   221
       Battleaxe         |       |       |       |       |       |       |       |   172 |   207 ||   379
       Trident           |       |       |       |       |       |       |       |     7 |       ||     7
 Fire: Longbow           |       |       |       |       |    14 |       |       |       |       ||    14
Throw: Stone             |       |     7 |       |       |       |     2 |     6 |       |       ||    15
 Cast: Corona            |    20 |    28 |    17 |    78 |    35 |    19 |       |       |       ||   197
       Confuse           |       |     8 |    28 |    95 |   189 |   216 |    54 |    87 |     3 ||   680
       Spectral Weapon   |       |       |       |    36 |   177 |   224 |   205 |   252 |    18 ||   912
       Invisibility      |       |       |       |       |    10 |    14 |     9 |    10 |       ||    43
       Silence           |       |       |       |       |     2 |     7 |    33 |    13 |     1 ||    56
       Regeneration      |       |       |       |       |       |    48 |   128 |   138 |    11 ||   325
       Slow              |       |       |       |       |       |    56 |    35 |    63 |     3 ||   157
       Mephitic Cloud    |       |       |       |       |       |       |    45 |    37 |       ||    82
       Spider Form       |       |       |       |       |       |       |       |    12 |       ||    12
 Abil: Dig               |     1 |    12 |     3 |    21 |    77 |    43 |    23 |    34 |     5 ||   219
       Evoke Flight      |       |       |       |       |       |       |       |     4 |       ||     4
Evoke: Wand              |       |       |       |       |     1 |       |       |     1 |       ||     2
       Phial of floods   |       |       |       |       |       |     1 |       |     2 |       ||     3
       Lightning rod     |       |       |       |       |       |       |       |    11 |       ||    11
       Sack of spiders   |       |       |       |       |       |       |       |     3 |       ||     3
       Lamp of fire      |       |       |       |       |       |       |       |     2 |       ||     2
  Use: Scroll            |       |     1 |       |     6 |     6 |    10 |     7 |    13 |     1 ||    44
       Potion            |       |       |       |       |     1 |     2 |     1 |     2 |       ||     6
 Stab: Sleeping          |     5 |     6 |     9 |     9 |     3 |     2 |     3 |    10 |       ||    47
       Confused          |       |       |    18 |    48 |   106 |    72 |    28 |    35 |       ||   307
       Distracted        |       |       |     1 |     4 |    16 |     8 |    21 |    27 |     2 ||    79
       Invisible         |       |       |       |       |     5 |    28 |    17 |    25 |       ||    75
  Eat: Chunk             |     2 |    12 |    14 |    35 |    63 |    44 |    68 |    44 |     3 ||   285
       Ration            |       |     1 |       |       |     2 |     6 |       |     3 |     1 ||    13
Armor: Robe              |    27 |    90 |   202 |       |       |       |       |       |       ||   319
       Ring mail         |       |       |     6 |   553 |   163 |       |    29 |    33 |       ||   784
       Scale mail        |       |       |       |       |   114 |   268 |       |       |       ||   382
       Chain mail        |       |       |       |       |       |   205 |   283 |   420 |   124 ||  1032
       Quicksilver drago |       |       |       |       |       |       |       |    10 |       ||    10
Dodge: Dodged            |    80 |   149 |   291 |   694 |   529 |   459 |   279 |   530 |   186 ||  3197
       Deflected         |       |       |       |       |       |       |     2 |       |       ||     2
Block: Buckler           |       |       |       |       |   138 |    70 |       |       |       ||   208
       Large shield      |       |       |       |       |       |  1091 |  1176 |  2076 |   452 ||  4795
       Rpst.: Scimitar   |       |       |       |       |       |    30 |    53 |    70 |       ||   153
